 Dungeon Crawl Stone Soup version 0.30.1-9-gdf580d7c3d (webtiles) character file.

Game seed: 14678282518364230120

63 KittyFluff the Cudgeller (level 4, -1/29 HPs)
             Began as a Gargoyle Berserker on Oct 10, 2023.
             Was a Believer of Trog.
             Slain by a gnoll
             ... wielding a +0 spear
              (4 damage)
             ... on level 2 of the Dungeon.
             The game lasted 00:06:04 (1600 turns).

KittyFluff the Cudgeller (Gargoyle Berserker)       Turns: 1600, Time: 00:06:04

Health: -1/29      AC:  7    Str: 22    XL:     4   Next: 10%
Magic:  4/4        EV:  8    Int:  8    God:    Trog [**....]
Gold:   179        SH: 11    Dex:  9    Spells: 3/3 levels left

rFire   . . .        a - +0 mace
rCold   . . .        p - +2 tower shield
rNeg    + . .        b - +0 animal skin
rPois   ∞            (no helmet)
rElec   +            c - +0 cloak
rCorr   .            (no gloves)
SInv    .            (no boots)
Will    .....        (no amulet)
Stlth   +            (no ring)
HPRegen 0.24/turn    (no ring)
MPRegen 0.09/turn

%: no passive effects
@: brilliant
A: sickness immunity, AC +3, negative energy resistance 1, electricity
resistance, torment resistance 1, petrification resistance
a: Renounce Religion, Berserk, Trog's Hand


You were on level 2 of the Dungeon.
You worshipped Trog.
Trog was pleased with you.
You visited 1 branch of the dungeon, and saw 2 of its levels.

You collected 179 gold pieces.

Inventory:

Hand Weapons
 a - a +0 mace (weapon)
Missiles
 e - 8 boomerangs (quivered)
 g - 4 silver boomerangs
Armour
 b - a +0 animal skin (worn)
 c - a +0 cloak (worn)
 p - a +2 tower shield (worn)
Jewellery
 m - a +6 ring of intelligence
Scrolls
 d - 2 scrolls of identify {unknown}
 f - a scroll of butterflies {unknown}
 h - a scroll of blinking {unknown}
 i - a scroll of noise {unknown}
 l - a scroll of fog {unknown}
Potions
 j - a potion of curing {unknown}
 k - a potion of brilliance
 n - a potion of haste {unknown}
 o - 2 potions of heal wounds {unknown}


   Skills:
 + Level 3.7 Fighting
 * Level 3.7 Maces & Flails
 * Level 3.1 Armour
 + Level 2.0 Dodging
 + Level 0.3 Shields


You had 3 spell levels left.
You didn't know any spells.
Your spell library was empty.

Dungeon Overview and Level Annotations

Branches:
Dungeon (2/15)

Altars:


Innate Abilities, Weirdness & Mutations

You are immune to sickness and miasma.
Your stone body is resilient. (AC +3)
You are immune to poison.
You resist negative energy. (rN+)
You are resistant to electric shocks. (rElec)
You are resistant to unholy torment.
You are immune to petrification.


Message History

The ball python bites you. You block the ball python's attack.
You sock the ball python!
You kill the ball python!
Trog accepts your kill.
There is an open door here.
A gnoll comes into view.
It is wielding a +2 whip of electrocution.
The gnoll shouts!
A gnoll comes into view. It is wielding a +0 club.
A gnoll comes into view. It is wielding a +0 spear.
The gnoll shouts!
You block the gnoll's attack.
You barely miss the gnoll. The gnoll hits you but does no damage.
A gnoll comes into view. It is wielding a +0 spear.
The gnoll hits you but does no damage.
The gnoll moves out of view.
You hit the gnoll but do no damage. You block the gnoll's attack.
The gnoll hits you from afar with a +0 spear.
You closely miss the gnoll.
The gnoll shouts!
The gnoll hits you with a +2 whip of electrocution.
The gnoll closely misses you. You block the gnoll's attack. x2
You barely miss the gnoll. The gnoll closely misses you.
The gnoll hits you but does no damage.
You barely miss the gnoll. The gnoll closely misses you.
The gnoll hits you from afar with a +0 spear.
The gnoll hits you with a +2 whip of electrocution.
You block the gnoll's attack.
You hit the gnoll but do no damage. You block the gnoll's attack. x2
The gnoll hits you with a +2 whip of electrocution!
The gnoll closely misses you.
You thump the gnoll!
The gnoll is heavily wounded.
The gnoll hits you with a +2 whip of electrocution!
* * * LOW HITPOINT WARNING * * *
You block the gnoll's attack.
It was a potion of brilliance.
You feel clever all of a sudden.
The gnoll hits you with a +2 whip of electrocution.
* * * LOW HITPOINT WARNING * * *
The gnoll hits you from afar with a +0 spear.
You die...

# #'# #.....## # # # #.# #.....#
# ## #.###.# #.....# # .#.#
#...#.### #.....# # .#.# #.....#
#.....# # .#.# ###.#.# #.....# #
.#.# #.#.## #.....# # .#.#######
#.#..# #.....# # .#.......#
#@##.## #....†# ## .#.......#
#g##..# #.....###. ##.......+
#g###.# #####.##.. '........# #g#
#.# #.##.# ##).....<+ .g# #.#####
#.....
)........###########..##.###...##
#+#......+.............#.........
.........###########.#.......####
.....##### #.###.#..##


You could see 4 gnolls.

Vanquished Creatures
  3 adders (D:2)
  A worm (D:2)
  A dart slug (D:1)
  2 ball pythons
  3 endoplasms
  4 goblins
  3 hobgoblins
  4 kobolds
  3 quokkas (D:1)
  2 bats (D:2)
  A frilled lizard (D:1)
  2 rats (D:2)
29 creatures vanquished.

Notes
Turn   | Place    | Note
-------+----------+-------------------------------------------
     0 | D:1      | KittyFluff the Gargoyle Berserker began the quest for the
                  | Orb.
     0 | D:1      | Reached XP level 1. HP: 14/14 MP: 1/1
    94 | D:1      | Reached XP level 2. HP: 19/19 MP: 2/2
   865 | D:2      | Reached XP level 3. HP: 23/23 MP: 3/3
   948 | D:2      | Found a faded altar of an unknown god.
  1087 | D:2      | Reached ** piety under Trog
  1463 | D:2      | Reached XP level 4. HP: 26/29 MP: 4/4
  1600 | D:2      | Slain by a gnoll

Illustrated notes

Levels and vault maps discovered:
D:1:      dpeg_arrival_signposts, layout_basic
D:2:      layout_basic, hellmonk_ecumenical_altar_lost_god

Skill      XL: |  1  2  3 |
---------------+----------+-----
Armour         | 3 |  3.1
Dodging        | 2 |  2.0
Fighting       | |  3.7
Maces & Flails | |  3.7
Shields        | |  0.3

Action                     |  1- 3 |  4- 6 || total
---------------------------+-------+-------++-------
  Melee: Mace              |   107 |     9 ||   116
    Use: Potion            |       |     1 ||     1
 Armour: Animal skin       |    42 |     3 ||    45
  Dodge: Dodged            |    66 |     5 ||    71
  Block: Tower shield      |    21 |    10 ||    31
